 Dungeon Crawl Stone Soup version 0.30.1-3-gfc49f6343a (webtiles) character file.

Game seed: 11661001116301382415

2881 101zpm the Thaumaturge (level 10, 0/61 HPs)
             Began as a Djinni Fire Elementalist on July 27, 2023.
             Slain by a river rat (5 damage)
             ... summoned by Gastronok
             ... on level 8 of the Dungeon.
             The game lasted 00:19:03 (7003 turns).

101zpm the Thaumaturge (Djinni Fire Elementalist)   Turns: 7003, Time: 00:19:04

Health: 0/61       AC:  5    Str:  6    XL:     10   Next: 5%
Gold:   259        EV: 13    Int: 20    God:
                   SH:  0    Dex: 17

rFire   + . .        f - +4 dagger "Voweutze" {flame, rElec rF- Dex+2 Stlth+}
rCold   x . .        (no shield)
rNeg    + . .        a - +0 robe
rPois   ∞            (helmet currently unavailable)
rElec   +            r - +2 ratskin cloak {*Rats rPois rN+ Str-1 Int-1 Dex+1}
rCorr   +            (no gloves)
SInv    .            (boots unavailable)
Will    +....        (no amulet)
Stlth   +++          g - ring of resist corrosion
HPRegen 0.30/turn    (no ring)
MPRegen 0.00/turn

%: infuse magic (-1 HP)
@: appendages, flying, slowed, studying Spellcasting, very slow
A: horns 2, flying, sickness immunity, fire resistance 2, cold vulnerability 1,
float, innate caster, HP casting, extra vitality 1
a: End Transformation


You were on level 8 of the Dungeon.
You had temporarily grown beastly horns.
You visited 1 branch of the dungeon, and saw 8 of its levels.

You collected 259 gold pieces.

Inventory:

Hand Weapons
 f - the +4 dagger "Voweutze" (weapon) {flame, rElec rF- Dex+2 Stlth+}
   (You found it on level 2 of the Dungeon)

   Dex:       It affects your dexterity (+2).
   rF:        It makes you vulnerable to fire.
   rElec:     It insulates you from electricity.
   Stlth:     It makes you more stealthy.
 C - the +6 dagger of Jyalopt {flame, Str+5}
   (You found it on level 7 of the Dungeon)

   Str:       It affects your strength (+5).
Missiles
 q - 2 javelins
 z - a throwing net
Armour
 a - a +0 robe (worn)
 r - the +2 ratskin cloak (worn) {*Rats rPois rN+ Str-1 Int-1 Dex+1}
   (You found it on level 5 of the Dungeon)

   *Rats:     When the wearer is hurt, rats may emerge from it to assist them.
   Str:       It affects your strength (-1).
   Int:       It affects your intelligence (-1).
   Dex:       It affects your dexterity (+1).
   rPois:     It protects you from poison.
   rN:        It protects you from negative energy.
Jewellery
 g - a ring of resist corrosion (left hand)
Wands
 x - a wand of charming (17)
Scrolls
 c - 2 scrolls of poison {unknown}
 d - 5 scrolls of identify {unknown}
 h - a scroll of amnesia {unknown}
 j - a scroll of blinking {unknown}
 l - 5 scrolls of teleportation {unknown}
 m - 3 scrolls of magic mapping {unknown}
 o - 3 scrolls of immolation {unknown}
 p - a scroll of vulnerability {unknown}
 w - a scroll of fear {unknown}
 y - a scroll of enchant armour {unknown}
 D - a scroll of acquirement {unknown}
 E - a scroll of summoning {unknown}
Potions
 b - a potion of brilliance
 e - a potion of mutation {unknown}
 i - 2 potions of attraction {unknown}
 k - 3 potions of cancellation {unknown}
 n - 2 potions of invisibility {unknown}
 s - 2 potions of lignification {unknown}
 t - a potion of curing
 u - 2 potions of ambrosia {unknown}
 v - 3 potions of flight {unknown}
 A - a potion of heal wounds {unknown}
 B - a potion of magic {unknown}


   Skills:
 + Level 0.4 Fighting
 + Level 2.8 Dodging
 + Level 3.1 Stealth
 + Level 12.6 Spellcasting


You knew the following spells:

 Your Spells              Type           Power      Damage    Failure   Level
a - Foxfire               Conj/Fire      100%       2x1d9     1%          1
b - Scorch                Fire           100%       2d9       1%          2
c - Volatile Blastmotes   Fire/Tloc      100%       2d18      1%          3
d - Inner Flame           Hex/Fire       58%        N/A       1%          3
e - Flame Wave            Conj/Fire      58%        2d14      1%          4
f - Beastly Appendage     Tmut           100%       N/A       1%          1
g - Momentum Strike       Conj/Tloc      100%       3d10      1%          2
h - Static Discharge      Conj/Air       100%       2-7/arc   1%          2
i - Animate Armour        Summ/Erth      100%       N/A       1%          4
Your spell library was empty.

Dungeon Overview and Level Annotations

Branches:
Dungeon (8/15)             Temple (0/1) D:6
   Lair: D:8-11

Altars:
Ashenzari
Nemelex Xobeh
Uskayaw
Wu Jian
Yredelemnul
The Shining One

Annotations:
D:5 1 runed translucent door
D:8 Gastronok


Innate Abilities, Weirdness & Mutations

You have temporarily grown beastly horns.
You are flying.
You are immune to sickness and miasma.
You are immune to poison.
Your flesh is very heat resistant. (rF++)
You are vulnerable to cold. (rC-)
You float through the air rather than walking.
You learn spells naturally, not from books.
Your magical power is your life essence.
You have superior vitality. (+4 MHP)


Message History

* * * LOW HITPOINT WARNING * * *
Casting: Inner Flame (safe; 1% risk of failure)
Confirm with . or Enter, or press ? or * to list all spells.
Aiming: Inner Flame (safe; 1% risk of failure)
Press: ? - help, Dir - move target, f - river rat, p - river rat
Aim: a river rat (summoned, chance to affect: 97%)
The river rat is filled with an inner flame.
* * * LOW HITPOINT WARNING * * *
The river rat barely misses you.
Casting: Inner Flame (safe; 1% risk of failure)
Confirm with . or Enter, or press ? or * to list all spells.
Aiming: Inner Flame (safe; 1% risk of failure)
Press: ? - help, Dir - move target, f - orc warrior, p - river rat
Aim: an orc warrior, wielding a +0 arbalest and wearing a +0 plate armour (chance to affect: 95%)
The orc warrior is filled with an inner flame.
* * * LOW HITPOINT WARNING * * *
The river rat closely misses you. The river rat barely misses you.
Casting: Inner Flame (safe; 1% risk of failure)
Confirm with . or Enter, or press ? or * to list all spells.
Okay, then.
Casting: Inner Flame (safe; 1% risk of failure)
Confirm with . or Enter, or press ? or * to list all spells.
You grow a pair of large bovine horns.
* * * LOW HITPOINT WARNING * * *
The river rat bites you.
* * * LOW HITPOINT WARNING * * *
Your hell rat bites the orc warrior!
Flame seeps out of the orc warrior. x2
Your hell rat drains the orc warrior!
Flame seeps out of the orc warrior.
The orc warrior is engulfed in blazing flames.
The orc warrior explodes!
The fiery explosion engulfs your hell rat!!!
You kill your hell rat!
The fiery explosion engulfs Gastronok!!
Gastronok is lightly wounded.
The fiery explosion engulfs the quokka!!
You kill the quokka!
The quokka's corpse disappears in a puff of smoke!
The river rat twitches its whiskers.
The river rat bites you.
You die...

# # #. #. #..#.### ...°.#
.####)#.#################
....°○○wrr@.............#
#####§#§###############.#
o. #.# #.# ## #.# #.# #..
#.# ##w #)# r #.# .# #.#
############.#


You could see Gastronok and 2 river rats.

Vanquished Creatures
  Maurice (D:8)
  Menkaure (D:4)
  2 water moccasins
  2 orc warriors
  An ice beast (D:7)
  4 ogres
  A sky beast (D:8)
  A black bear (D:4)
  2 centaurs
  A kobold brigand (D:7)
  Blork the orc (D:5)
  A gnoll sergeant (D:7)
  A bullfrog (D:7)
  3 scorpions
  5 wights (D:6)
  A howler monkey (D:8)
  5 hounds
  4 jellies
  2 orc priests
  2 orc wizards
  8 gnolls
  8 adders
  A shadow imp (D:5)
  An ufetubus (D:4)
  3 worms
  2 dart slugs
  12 orcs
  6 endoplasms
  2 giant cockroaches
  10 goblins
  8 hobgoblins
  6 jackals
  3 quokkas
  5 ball pythons
  A bat (D:3)
  A frilled lizard (D:2)
  A goblin zombie (D:5)
  9 kobolds
  8 rats
136 creatures vanquished.

Vanquished Creatures (collateral kills)
  A hound (D:5)
  3 foxfires (D:5)
4 creatures vanquished.

Vanquished Creatures (others)
  421 foxfires
421 creatures vanquished.

Grand Total: 561 creatures vanquished

Notes
Turn   | Place    | Note
-------+----------+-------------------------------------------
     0 | D:1      | 101zpm the Djinni Fire Elementalist began the quest for the
                  | Orb.
     0 | D:1      | 101zpm set off with the following spells memorised:
                  | Foxfire, Scorch, Volatile Blastmotes, Inner Flame, Flame
                  | Wave.
     0 | D:1      | Reached XP level 1. HP: 15/15 MP: 0/0
   129 | D:2      | Reached XP level 2. HP: 17/21 MP: 0/0
   441 | D:2      | Identified the +4 dagger "Voweutze" {flame, rElec rF- Dex+2
                  | Stlth+}
   454 | D:2      | Reached skill level 3 in Spellcasting
   476 | D:2      | Reached XP level 3. HP: 20/25 MP: 0/0
   476 | D:2      | Learned a level 1 spell: Beastly Appendage
   838 | D:3      | Reached XP level 4. HP: 20/31 MP: 0/0
  1031 | D:4      | Noticed a black bear
  1034 | D:4      | Killed a black bear
  1035 | D:4      | Reached skill level 4 in Spellcasting
  1035 | D:4      | Reached XP level 5. HP: 26/35 MP: 0/0
  1035 | D:4      | Learned a level 2 spell: Momentum Strike
  1051 | D:4      | Noticed Menkaure
  1051 | D:4      | Killed Menkaure
  1052 | D:4      | Reached skill level 5 in Spellcasting
  1052 | D:4      | Reached XP level 6. HP: 8/40 MP: 0/0
  1325 | D:4      | Noticed an ogre
  1329 | D:4      | Killed an ogre
  1329 | D:4      | Noticed an ogre
  1330 | D:4      | Reached XP level 7. HP: 30/45 MP: 0/0
  1330 | D:4      | Learned a level 2 spell: Static Discharge
  1334 | D:4      | Reached skill level 6 in Spellcasting
  1509 | D:5      | Entered Level 5 of the Dungeon
  1509 | D:5      | Noticed a human
  1509 | D:5      | Noticed a water moccasin
  1509 | D:5      | Found the +2 ratskin cloak {*Rats rPois rN+ Str-1 Int-1
                  | Dex+1}
  1509 | D:5      | Found a runed translucent door.
  1713 | D:4      | Found a hide-covered altar of Uskayaw.
  2395 | D:3      | Found an ornate altar of the Wu Jian Council.
  2737 | D:3      | Reached XP level 8. HP: 48/50 MP: 0/0
  2894 | D:4      | Reached skill level 7 in Spellcasting
  3708 | D:1      | Found a faded altar of an unknown god.
  3708 | D:1      | Noticed a blizzard demon
  4033 | D:5      | Found a basalt altar of Yredelemnul.
  4175 | D:5      | Reached skill level 8 in Spellcasting
  4228 | D:5      | Found a glowing golden altar of the Shining One.
  4252 | D:5      | Noticed Blork the orc
  4258 | D:5      | Killed Blork the orc
  4574 | D:5      | Reached skill level 9 in Spellcasting
  4644 | D:5      | Found a sparkling altar of Nemelex Xobeh.
  4915 | D:6      | Reached XP level 9. HP: 51/55 MP: 0/0
  4915 | D:6      | Learned a level 4 spell: Animate Armour
  5147 | D:6      | Found a broken altar of Ashenzari.
  5330 | D:6      | Reached skill level 10 in Spellcasting
  5452 | D:6      | Found a staircase to the Ecumenical Temple.
  5887 | D:7      | Reached skill level 11 in Spellcasting
  6263 | D:7      | HP: 1/55 [bullfrog (5)]
  6535 | D:7      | Identified the +6 dagger of Jyalopt {flame, Str+5}
  6774 | D:8      | Noticed Maurice
  6777 | D:8      | Killed Maurice
  6778 | D:8      | Reached skill level 12 in Spellcasting
  6840 | D:8      | Reached XP level 10. HP: 52/61 MP: 0/0
  6990 | D:8      | Noticed Gastronok
  7003 | D:8      | Slain by a river rat

Illustrated notes

Levels and vault maps discovered:
D:1:      grunt_arrival_lava_bath, layout_loops_ring,
          dreamdust_ecumenical_altar_sealed_demon, nicolae_hexahallways
D:2:      layout_loops_ring
D:3:      layout_loops_ring, nicolae_wu_jian_immortal_techniques
D:4:      layout_basic, nicolae_uskayaw_dance_hall, uniq_menkaure
D:5:      layout_loops_ring, nemelex_spade_bored_becter, dk_yredelemnul_ordeal,
          tso_metal_star, serial_bayou_lagoon_b, uniq_blork_the_orc
D:6:      layout_gridville, ashenzari_altar_1, temple_fountains
D:7:      layout_basic
D:8:      layout_basic, uniq_gastronok, uniq_maurice

Skill      XL: |  1  2  3  4  5  6  7  8  9 |
---------------+----------------------------+-----
Spellcasting   | 3 4 5 6 9 12 | 12.6
Stealth        | 2 3 |  3.1
Fighting       | |  0.4
Dodging        | |  2.8

Action                     |  1- 3 |  4- 6 |  7- 9 | 10-12 || total
---------------------------+-------+-------+-------+-------++-------
   Cast: Foxfire           |    48 |    20 |   192 |     4 ||   264
         Scorch            |    11 |     5 |    62 |     6 ||    84
         Inner Flame       |     1 |    14 |    29 |     5 ||    49
         Beastly Appendage |       |       |     2 |     1 ||     3
         Momentum Strike   |       |       |     2 |       ||     2
         Volatile Blastmot |       |       |     1 |       ||     1
         Animate Armour    |       |       |     1 |       ||     1
    Use: Potion            |       |       |     4 |       ||     4
 Armour: Robe              |       |       |     4 |       ||     4
  Dodge: Dodged            |     1 |     1 |    22 |     5 ||    29
